[Event "Klatov Bazar Besiny Cup 2018"]
[Site "Klatovy"]
[Date "2018.07.06"]
[Round "7"]
[White "Krzyzanowski, Marcin"]
[Black "Neuman, Petr"]
[Result "1-0"]
[ECO "C65"]
[WhiteElo "2473"]
[BlackElo "2432"]
[Annotator "ChessBase"]
[PlyCount "107"]
[EventDate "2018.07.01"]
[EventType "swiss"]
[EventCountry "CZE"]
[SourceTitle "playchess.com"]
[Source "ChessBase"]
[SourceQuality "1"]
[TimeControl "40/7200:0"]

1. e4 e5 2. Nf3 Nc6 3. Bb5 Nf6 4. d3 d6 5. c3 Bd7 6. Nbd2 g6 7. O-O Bg7 8. Re1 O-O 9. Nf1 Re8 10. a4 a6 11. Bc4 Be6 12. Bxe6 Rxe6 13. Ne3 Re8 14. Qb3 Qd7 15. h3 Rab8 16. Bd2 Nd8 17. Nd5 Ne6 18. Nxf6+ Bxf6 19. Be3 c6 20. d4 exd4 21. cxd4 d5 22. e5 Bg7 23. Rad1 f6 24. exf6 Bxf6 25. Qd3 Ng7 26. Nh2 Nf5 27. Ng4 Bg7 28. Bf4 Rxe1+ 29. Rxe1 Re8 30. Ne5 Qe7 31. Nf3 Qf8 32. Rxe8 Qxe8 33. Be5 Qe7 34. g4 Nh4 35. Nxh4 Qxh4 36. Bxg7 Kxg7 37. Qe3 a5 38. Qe5+ Qf6 39. Qc7+ Kh6 40. Qxb7 Qf3 41. Qxc6 Qxh3 42. Qc1+ Kg7 43. Qc7+ Kf8 44. Qd8+ Kg7 45. Qd7+ Kf8 46. Qd6+ Kg7 47. Qe5+ Kh6 48. Qh2 Qxh2+ 49. Kxh2 Kg5 50. Kg3 h6 51. f4+ Kf6 52. Kh4 Ke6 53. f5+ gxf5 54. g5 1-0

[Event "Klatov Bazar Besiny Cup 2018"]
[Site "Klatovy"]
[Date "2018.07.06"]
[Round "7"]
[White "Pulpan, Jakub"]
[Black "Bures, Jaroslav"]
[Result "0-1"]
[ECO "B12"]
[WhiteElo "2386"]
[BlackElo "2406"]
[Annotator "ChessBase"]
[PlyCount "66"]
[EventDate "2018.07.01"]
[EventType "swiss"]
[EventCountry "CZE"]
[SourceTitle "playchess.com"]
[Source "ChessBase"]
[SourceQuality "1"]
[TimeControl "40/7200:0"]

1. e4 c6 2. d4 d5 3. e5 Bf5 4. Nf3 e6 5. Be2 c5 6. Be3 Qb6 7. Nc3 Nc6 8. O-O Qxb2 9. Qe1 cxd4 10. Bxd4 Nxd4 11. Nxd4 Bb4 12. Ndb5 Ba5 13. Rb1 Qxc2 14. Rc1 Qb2 15. Qd1 Kf8 16. Bd3 Bxc3 17. Nxc3 Ne7 18. Rc2 Qb4 19. Qe2 Bxd3 20. Qxd3 Nc6 21. Rb1 Qe7 22. Qg3 h5 23. Nb5 h4 24. Qe3 f6 25. f4 fxe5 26. fxe5 Rh5 27. Nd6 Nxe5 28. Nc8 Qd8 29. Nxa7 d4 30. Qb3 d3 31. Rf2+ Rf5 32. Rbf1 Qd7 33. Qc3 Rxf2 0-1

[Event "Klatov Bazar Besiny Cup 2018"]
[Site "Klatovy"]
[Date "2018.07.06"]
[Round "7"]
[White "Simek, Petr"]
[Black "Eret, Matous"]
[Result "1-0"]
[ECO "A44"]
[WhiteElo "2354"]
[BlackElo "2184"]
[Annotator "NA"]
[PlyCount "99"]
[EventDate "2018.07.01"]
[EventType "swiss"]
[EventCountry "CZE"]
[SourceTitle "playchess.com"]
[Source "ChessBase"]
[SourceQuality "1"]
[TimeControl "40/7200:0"]

1. d4 c5 2. d5 e5 3. e4 d6 4. Nc3 Nf6 5. Bb5+ Nbd7 6. a4 a6 {[%emt 0:01:14] A44: Semi-Benoni} 7. Bd3 b6 8. Nf3 g6 $146 ({Predecessor:} 8... Be7 9. O-O Nf8 10. Nd2 Ng6 11. Nc4 O-O 12. a5 Nd7 13. axb6 Nxb6 14. Na5 Qc7 15. Qe2 {½-½ (15) Kuznetsov,G (2310)-Kharous,E (2371) Ekaterinburg 2007}) 9. h3 Bg7 10. Be3 Qc7 11. Qe2 Nh5 12. g3 O-O 13. Nh4 Ndf6 14. Kf1 ({White should try} 14. Ng2 $16) 14... Bb7 15. Kg1 Rfc8 16. Bc4 Qe7 17. Kh2 h6 18. Rhg1 Re8 19. Rae1 Bc8 20. Bd2 Qd7 21. Qf1 Nh7 22. Be2 N5f6 23. Nf3 Rf8 24. Rb1 Ne8 25. g4 Nc7 26. b4 Kh8 27. bxc5 bxc5 28. Rb6 Qe7 29. Qc1 g5 30. Be3 Nf6 31. Nd2 Nd7 32. Rb3 Rd8 33. Nc4 Nf8 34. Rb6 Ne8 35. Bd1 Ng6 36. Ne2 Nf4 37. Ng3 $16 Nf6 38. Bf3 h5 39. Bxf4 gxf4 40. Nf5 Bxf5 41. gxf5 Bh6 42. Qb2 Rg8 43. Rxd6 Rxg1 44. Kxg1 Rg8+ 45. Kf1 Bg7 46. Qxe5 Qxe5 47. Nxe5 Rf8 48. Rd8 Kg8 49. Rxf8+ Kxf8 50. Nd3 1-0

[Event "Klatov Bazar Besiny Cup 2018"]
[Site "Klatovy"]
[Date "2018.07.06"]
[Round "7"]
[White "Hollan, Martin"]
[Black "Slovak, Kilian"]
[Result "1/2-1/2"]
[ECO "E90"]
[WhiteElo "2341"]
[BlackElo "2285"]
[Annotator "NA"]
[PlyCount "52"]
[EventDate "2018.07.01"]
[EventType "swiss"]
[EventCountry "CZE"]
[SourceTitle "playchess.com"]
[Source "ChessBase"]
[SourceQuality "1"]
[TimeControl "40/7200:0"]

1. d4 Nf6 2. c4 g6 3. Nc3 Bg7 4. e4 d6 5. Nf3 O-O 6. h3 e5 7. d5 Nh5 8. g3 {[%emt 0:02:20] E90: King's Indian: Classical: Early deviations and 6 h3} a5 {[%emt 0:07:39] LiveBook: 93 Games} 9. Be2 Na6 10. Bg5 Qe8 11. Nh4 $146 ({Predecessor:} 11. Nd2 Nc5 12. Be3 f6 13. Bxc5 dxc5 14. Bxh5 gxh5 15. g4 Qg6 {1-0 (32) Tomashevsky,E (2744)-Yuffa,D (2504) Doha 2015}) 11... Nf6 12. Qd2 Nc5 13. Bf3 Bd7 14. g4 (14. Rd1 $11) 14... b5 15. cxb5 Bxb5 16. Rg1 Kh8 17. O-O-O Rb8 18. Qc2 $19 Bc4 19. Ng2 Rb4 20. h4 Qb8 21. h5 h6 22. Be3 Nfd7 23. g5 Bb3 24. Qe2 Bc4 25. Qc2 Bb3 26. Qe2 Bc4 1/2-1/2

[Event "Klatov Bazar Besiny Cup 2018"]
[Site "Klatovy"]
[Date "2018.07.06"]
[Round "7"]
[White "Vyprachticky, David"]
[Black "Straka, Vojtech"]
[Result "1/2-1/2"]
[ECO "D41"]
[WhiteElo "2301"]
[BlackElo "2379"]
[Annotator "NA"]
[PlyCount "143"]
[EventDate "2018.07.01"]
[EventType "swiss"]
[EventCountry "CZE"]
[SourceTitle "playchess.com"]
[Source "ChessBase"]
[SourceQuality "1"]
[TimeControl "40/7200:0"]

1. d4 {[%emt 0:00:00] CB} Nf6 2. Nf3 e6 3. c4 c5 4. Nc3 d5 5. cxd5 Nxd5 6. e4 Nxc3 7. bxc3 cxd4 8. cxd4 Bb4+ 9. Bd2 Bxd2+ 10. Qxd2 O-O 11. Rc1 Nc6 {[%emt 0:06:17] D41: Damengambit (Verbesserte Tarrasch-Verteidigung)} 12. Be2 Qb6 13. O-O Rd8 {[%emt 0:01:36] LiveBook: 3 Games} 14. Rc4 Bd7 15. Bd3 Qa5 16. Qb2 {[%emt 0:08:51] [#]} Be8 $146 ({Vorgänger:} 16... Rac8 17. Rfc1 Nb4 18. Bf1 Nc6 19. Rc5 {1-0 (38) Ivanchuk,V (2739)-Ganguly,S (2619) Caleta 2014 CBM 159 [CB]}) 17. Rfc1 Rab8 18. R1c3 Qh5 19. Rc5 Qh6 20. d5 exd5 21. exd5 Ne7 22. R3c4 Rxd5 23. Rxd5 Nxd5 24. Rh4 Qf6 25. Bxh7+ Kf8 26. Qa3+ Qe7 27. Qxa7 Rc8 28. g3 g6 29. Qd4 Nf6 30. Rf4 Kg7 31. g4 Kxh7 32. Rxf6 Rc1+ 33. Kg2 Bc6 34. Qf4 Bxf3+ 35. Qxf3 Rc7 36. Qf4 Kg8 37. Rd6 Rd7 38. Rd4 Rxd4 39. Qxd4 g5 40. Qd5 Kg7 41. a4 f6 42. a5 Qc7 43. h3 Qe7 44. h4 gxh4 45. Kh3 Qc7 46. Qf5 Qc6 47. Kxh4 Qg2 48. Qf4 Qh1+ 49. Kg3 Qg1+ 50. Kf3 Qd1+ 51. Kg2 Qd5+ 52. Qf3 Qxa5 53. Qxb7+ Kf8 54. Qf3 Kg7 55. Qe3 Qd5+ 56. f3 Kf7 57. Qf4 Qc5 58. Qe4 Kg7 59. f4 Qd6 60. Kg3 Qc5 61. Kg2 Qd6 62. Kh3 Qc5 63. Qe6 Qc7 64. Qe4 Qc5 65. Qb7+ Kf8 66. Qe4 Kg7 67. f5 Qc3+ 68. Kh4 Qc7 69. Kh3 Qc3+ 70. Kg2 Qd2+ 71. Kg3 Qc3+ 72. Kg2 1/2-1/2

[Event "Klatov Bazar Besiny Cup 2018"]
[Site "Klatovy"]
[Date "2018.07.06"]
[Round "7"]
[White "Mejzlik, Ondrej"]
[Black "Xu, XianLiang"]
[Result "0-1"]
[ECO "A22"]
[WhiteElo "2287"]
[BlackElo "2430"]
[Annotator "ChessBase"]
[PlyCount "100"]
[EventDate "2018.07.01"]
[EventType "swiss"]
[EventCountry "CZE"]
[SourceTitle "playchess.com"]
[Source "ChessBase"]
[SourceQuality "1"]
[TimeControl "40/7200:0"]

1. c4 e5 2. Nc3 Nf6 3. g3 Bb4 4. Bg2 O-O 5. Qb3 Bxc3 6. Qxc3 d6 7. d3 Nc6 8. b4 Re8 9. b5 Ne7 10. h3 a6 11. a4 d5 12. Bg5 axb5 13. axb5 Rxa1+ 14. Qxa1 dxc4 15. dxc4 Nf5 16. Nf3 e4 17. Bxf6 gxf6 18. Nh4 e3 19. Nxf5 Qd2+ 20. Kf1 Bxf5 21. Bf3 exf2 22. Kxf2 Qe3+ 23. Kg2 Be4 24. Qf1 Qd4 25. g4 Qxc4 26. Kg3 Qxb5 27. Bxe4 Qe5+ 28. Qf4 Qxe4 29. Rc1 Qxe2 30. Kh4 c6 31. Qxf6 Qe7 32. Qg5+ Qxg5+ 33. Kxg5 Kg7 34. Kf5 Re6 35. Rc3 b5 36. h4 Kf8 37. g5 Ke7 38. Ra3 Rd6 39. Ke4 Ke6 40. Rc3 Kd7 41. Rf3 Ke7 42. Ra3 b4 43. Ra7+ Rd7 44. Ra6 Rb7 45. Rxc6 b3 46. Rc1 b2 47. Rb1 Ke6 48. Kf4 Rb4+ 49. Kg3 Kf5 50. Rf1+ Ke5 0-1

[Event "Klatov Bazar Besiny Cup 2018"]
[Site "Klatovy"]
[Date "2018.07.06"]
[Round "7"]
[White "Parizek, Vojtech"]
[Black "Simet, Martin"]
[Result "1-0"]
[ECO "C41"]
[WhiteElo "2242"]
[BlackElo "2182"]
[Annotator "NA"]
[PlyCount "55"]
[EventDate "2018.07.01"]
[EventType "swiss"]
[EventCountry "CZE"]
[SourceTitle "playchess.com"]
[Source "ChessBase"]
[SourceQuality "1"]
[TimeControl "40/7200:0"]

1. e4 e5 2. Nf3 d6 3. d4 exd4 4. Nxd4 Nf6 5. Nc3 Be7 6. Be2 O-O 7. O-O Re8 8. f4 Bf8 9. Bf3 c5 10. Nde2 {[%emt 0:04:11] LiveBook: 49 Games C41: Philidor Defence} Nc6 11. Kh1 Bd7 12. Be3 (12. Qd3 b5 13. a3 b4 14. Nd5 Rb8 15. b3 a5 16. Nxf6+ Qxf6 17. Rb1 Rbd8 {0-1 (26) Steingrimsson,H (2576)-Mamedyarov,S (2791) Antalya 2017}) 12... b5 13. Ng3 {[%emt 0:09:54] [#]} Rb8 $146 ({Predecessor:} 13... b4 14. Nd5 Nxd5 15. Qxd5 Qc7 16. Rad1 Rad8 17. Qh5 g6 {0-1 (35) Skripchenko,A (2461)-Kazhgaleyev,M (2606) Pontoise 2006}) 14. Nd5 Nxd5 15. Qxd5 Na5 (15... Nd4 $5 16. Bxd4 Be6 $11) 16. b3 Bc6 17. Qh5 d5 18. exd5 g6 19. Qg5 Be7 $16 (19... Qxg5 $142 20. fxg5 Rxe3) 20. Qg4 Bd7 21. f5 h5 22. Qh3 Bf6 23. Rae1 h4 24. Bg4 Qc8 25. fxg6 Bxg4 26. gxf7+ Kf8 27. fxe8=Q+ Kxe8 28. Bg5+ 1-0

[Event "Klatov Bazar Besiny Cup 2018"]
[Site "Klatovy"]
[Date "2018.07.06"]
[Round "7"]
[White "Soural, Jan"]
[Black "Kopta, Pavel"]
[Result "1/2-1/2"]
[ECO "A62"]
[WhiteElo "2192"]
[BlackElo "2210"]
[Annotator "NA"]
[PlyCount "38"]
[EventDate "2018.07.01"]
[EventType "swiss"]
[EventCountry "CZE"]
[SourceTitle "playchess.com"]
[Source "ChessBase"]
[SourceQuality "1"]
[TimeControl "40/7200:0"]

1. d4 Nf6 2. c4 e6 3. g3 c5 4. d5 exd5 5. cxd5 d6 6. Nc3 g6 7. Bg2 Bg7 8. Nf3 O-O 9. O-O Re8 10. Bf4 a6 11. a4 h6 12. Qc1 g5 13. Bd2 Bf5 14. h4 g4 15. Nh2 {[%emt 0:01:44] LiveBook: 3 Games} h5 16. Bg5 Qd7 17. Bh6 Bg6 18. Bxg7 Kxg7 19. Qf4 Qe7 $14 1/2-1/2

[Event "Klatov Bazar Besiny Cup 2018"]
[Site "Klatovy"]
[Date "2018.07.06"]
[Round "7"]
[White "Hurdzan, Tomas"]
[Black "Hausner, Ivan"]
[Result "1-0"]
[ECO "B81"]
[WhiteElo "2164"]
[BlackElo "2321"]
[Annotator "NA"]
[PlyCount "59"]
[EventDate "2018.07.01"]
[EventType "swiss"]
[EventCountry "CZE"]
[SourceTitle "playchess.com"]
[Source "ChessBase"]
[SourceQuality "1"]
[TimeControl "40/7200:0"]

1. e4 c5 2. Nf3 e6 3. d4 cxd4 4. Nxd4 Nf6 5. Nc3 d6 6. g4 h6 7. h4 a6 8. Rg1 g6 {[%emt 0:00:00] B81: Sicilian Scheveningen: Keres Attack} (8... d5 9. exd5 Nxd5 10. Nxd5 Qxd5 11. Be3 Be7 12. Qd2 Bxh4 13. Qc3 Nd7 14. O-O-O Qc5 15. Qb3 Qa5 16. Bg2 O-O 17. Rh1 Nc5 {1-0 (39) Harikrishna,P (2737)-Kempinski,R (2637) Germany 2016}) 9. g5 hxg5 10. hxg5 Nfd7 11. Be3 Nc6 12. Qd2 Nde5 13. Be2 $146 ({Predecessor:} 13. O-O-O Rh7 14. Be2 Qc7 15. f4 Nxd4 16. Bxd4 Nc4 17. Bxc4 Qxc4 {1-0 (60) Rohacek,M (2246)-Federic,J (2269) Slovakia 2014}) 13... Rh3 14. f4 Nxd4 15. Bxd4 Nc6 {[%emt 0:09:48] [#]} 16. Bf6 $1 Be7 17. O-O-O Bxf6 18. gxf6 Qxf6 {[%emt 0:00:00] [#]} 19. Qxd6 (19. f5 $1 $18 {and White stays clearly on top.}) 19... Qe7 20. Qd2 Bd7 21. Bf1 Rh4 (21... Rh8 $142) 22. e5 O-O-O 23. Qf2 Be8 24. Bg2 Rxd1+ 25. Rxd1 g5 26. Ne4 Rxf4 27. Qb6 Kb8 28. Nc5 $18 Rb4 29. Nxa6+ Kc8 30. Nxb4 1-0

[Event "Klatov Bazar Besiny Cup 2018"]
[Site "Klatovy"]
[Date "2018.07.06"]
[Round "7"]
[White "Tscharotschkin, Michael"]
[Black "Vedral, Oldrich"]
[Result "1-0"]
[ECO "E99"]
[WhiteElo "2124"]
[BlackElo "2203"]
[Annotator "NA"]
[PlyCount "65"]
[EventDate "2018.07.01"]
[EventType "swiss"]
[EventCountry "CZE"]
[SourceTitle "playchess.com"]
[Source "ChessBase"]
[SourceQuality "1"]
[TimeControl "40/7200:0"]

1. d4 Nf6 2. c4 g6 3. Nc3 Bg7 4. e4 d6 5. Nf3 O-O 6. Be2 e5 {[%emt 0:00:00] LiveBook: 29978 Games} 7. O-O Nc6 8. d5 Ne7 9. Ne1 Nd7 10. f3 f5 11. Be3 f4 12. Bf2 g5 13. Nd3 Nf6 14. c5 Ng6 15. Rc1 Rf7 16. Qb3 g4 17. cxd6 cxd6 18. Nb5 {[%emt 0:00:00] [#]} g3 $1 19. hxg3 fxg3 20. Bxg3 Nh5 21. Bh2 Bh6 22. f4 Nhxf4 23. Nxf4 Nxf4 24. Bxf4 Bxf4 25. Rxf4 Qb6+ ({Black should try} 25... exf4 26. Nd4 Rg7) 26. Kh2 exf4 27. e5 $2 (27. Nc7 $17 {only move.} Qxb3 28. axb3) 27... dxe5 28. d6 Kf8 29. Bh5 $2 (29. Qd5 {was worth a try.} Qe3 30. Rc7) 29... Rf6 $2 ({Better is} 29... Rg7 $19 30. Qd5 Qf2) 30. Qd5 $2 {[%emt 0:01:38] [#]} (30. Rc7 $11 Be6 31. Qd3) 30... Qe3 (30... Be6 $1 $17 31. Qxe5 Rf5 32. Qh8+ Bg8) 31. Rc3 Be6 $18 (31... Qe1 $11 32. d7 Bxd7 33. Qxd7 f3 34. Rxf3 Rxf3 35. Bxf3 Qh4+ 36. Kg1 Qe1+ 37. Kh2 Qh4+ 38. Qh3 Qf4+ 39. Qg3 Qh6+ 40. Kg1 Qc1+ 41. Kh2 Qh6+ 42. Kg1 Qc1+ 43. Kh2 Qh6+) 32. Qxb7 Qe1 33. Qe7+ 1-0

[Event "Klatov Bazar Besiny Cup 2018"]
[Site "Klatovy"]
[Date "2018.07.07"]
[Round "8"]
[White "Neuman, Petr"]
[Black "Xu, XianLiang"]
[Result "1/2-1/2"]
[ECO "A20"]
[WhiteElo "2432"]
[BlackElo "2430"]
[Annotator "NA"]
[PlyCount "21"]
[EventDate "2018.07.01"]
[EventType "swiss"]
[EventCountry "CZE"]
[SourceTitle "playchess.com"]
[Source "ChessBase"]
[SourceQuality "1"]
[TimeControl "40/7200:0"]

1. c4 e5 2. g3 Nf6 3. Bg2 c6 4. d4 exd4 5. Qxd4 d5 $11 {[%emt 0:00:00] LiveBook: 473 Games} 6. Nf3 Be7 7. cxd5 cxd5 8. O-O Nc6 9. Qd1 O-O 10. Nbd2 Bc5 11. Nb3 1/2-1/2

[Event "Klatov Bazar Besiny Cup 2018"]
[Site "Klatovy"]
[Date "2018.07.07"]
[Round "8"]
[White "Straka, Vojtech"]
[Black "Parizek, Vojtech"]
[Result "1-0"]
[ECO "A16"]
[WhiteElo "2379"]
[BlackElo "2242"]
[Annotator "NA"]
[PlyCount "51"]
[EventDate "2018.07.01"]
[EventType "swiss"]
[EventCountry "CZE"]
[SourceTitle "playchess.com"]
[Source "ChessBase"]
[SourceQuality "1"]
[TimeControl "40/7200:0"]

1. c4 Nf6 2. Nc3 g6 3. g3 Bg7 4. Bg2 O-O 5. Nf3 d6 6. Rb1 c6 7. d3 e5 8. O-O Nbd7 9. Nd2 Nc5 10. b4 Ne6 11. b5 Qc7 12. bxc6 bxc6 13. Nb5 Qd7 14. Ba3 Ne8 15. Nc3 f5 16. Qa4 Bb7 17. Rxb7 Qxb7 18. Bxc6 Qb8 19. Rb1 Qd8 20. Bxa8 Qxa8 21. Qd7 Ng5 22. Qb7 Qd8 23. Qxa7 f4 24. Nce4 Nxe4 25. Nxe4 fxg3 26. hxg3 1-0

[Event "Klatov Bazar Besiny Cup 2018"]
[Site "Klatovy"]
[Date "2018.07.07"]
[Round "8"]
[White "Hollan, Martin"]
[Black "Tscharotschkin, Michael"]
[Result "1/2-1/2"]
[ECO "D31"]
[WhiteElo "2341"]
[BlackElo "2124"]
[Annotator "NA"]
[PlyCount "58"]
[EventDate "2018.07.01"]
[EventType "swiss"]
[EventCountry "CZE"]
[SourceTitle "playchess.com"]
[Source "ChessBase"]
[SourceQuality "1"]
[TimeControl "40/7200:0"]

1. c4 e6 2. Nc3 d5 3. d4 c6 4. Nf3 f5 5. Bf4 Nf6 6. e3 Bd6 7. Bxd6 Qxd6 8. Ne5 O-O 9. c5 Qc7 10. Bd3 Nbd7 11. f4 b6 12. cxb6 axb6 13. O-O Ba6 14. Rc1 Nxe5 15. fxe5 Bxd3 16. Qxd3 Ne4 17. Nxe4 fxe4 18. Rxf8+ Rxf8 19. Qe2 c5 20. b3 Qe7 21. Qg4 Qf7 22. Qe2 cxd4 23. exd4 Qf4 24. Rf1 Qxf1+ 25. Qxf1 Rxf1+ 26. Kxf1 Kf7 27. Ke2 b5 28. a3 Ke7 29. Ke3 Kd7 {[%emt 0:00:23] Kxe4} 1/2-1/2

[Event "Klatov Bazar Besiny Cup 2018"]
[Site "Klatovy"]
[Date "2018.07.07"]
[Round "8"]
[White "Slovak, Kilian"]
[Black "Hurdzan, Tomas"]
[Result "1-0"]
[ECO "B67"]
[WhiteElo "2285"]
[BlackElo "2164"]
[Annotator "NA"]
[PlyCount "85"]
[EventDate "2018.07.01"]
[EventType "swiss"]
[EventCountry "CZE"]
[SourceTitle "playchess.com"]
[Source "ChessBase"]
[SourceQuality "1"]
[TimeControl "40/7200:0"]

1. e4 c5 2. Nf3 Nc6 3. d4 cxd4 4. Nxd4 Nf6 5. Nc3 d6 6. Bg5 e6 7. Qd2 a6 8. O-O-O Bd7 9. f4 b5 10. Bxf6 gxf6 11. Kb1 Qb6 12. Nf3 O-O-O 13. f5 Kb8 14. fxe6 fxe6 15. g3 Bc8 16. Bh3 Bg7 17. Qe1 Qc5 18. Ne2 Rhe8 19. Nf4 b4 20. Rf1 Re7 21. Qf2 Qb5 22. Rfe1 a5 23. Bf1 Qb7 24. Nd2 Ne5 25. Nc4 Nxc4 26. Bxc4 Qc6 27. Bb3 Ree8 28. Qf1 Bh6 29. Ne2 Bg7 30. Nd4 Qb7 31. Qh3 d5 32. exd5 exd5 33. Qh5 Re5 34. Qf3 Rde8 35. Rxe5 Rxe5 36. Qd3 f5 37. Ba4 Bd7 38. Bxd7 Qxd7 39. Qa6 Re4 40. Qb6+ Kc8 41. Nb5 Qe7 42. Na7+ Kd7 43. Qc6+ 1-0

[Event "Klatov Bazar Besiny Cup 2018"]
[Site "Klatovy"]
[Date "2018.07.07"]
[Round "8"]
[White "Kopta, Pavel"]
[Black "Pulpan, Jakub"]
[Result "0-1"]
[ECO "A53"]
[WhiteElo "2210"]
[BlackElo "2386"]
[Annotator "NA"]
[PlyCount "106"]
[EventDate "2018.07.01"]
[EventType "swiss"]
[EventCountry "CZE"]
[SourceTitle "playchess.com"]
[Source "ChessBase"]
[SourceQuality "1"]
[TimeControl "40/7200:0"]

1. d4 Nf6 2. c4 d6 3. Nc3 Bf5 4. f3 e5 5. dxe5 dxe5 6. Qxd8+ Kxd8 7. e4 Be6 8. Be3 c6 9. Bd3 Nbd7 10. Nge2 Bc5 11. Kf2 Bxe3+ 12. Kxe3 Nc5 13. Rhd1 Ke7 14. b3 a5 15. Rab1 Nfd7 16. Bc2 Nb6 17. Nc1 Rhd8 18. Nd3 Nbd7 19. Nb2 f6 20. Rd2 Nb6 21. Nd3 Nxd3 22. Bxd3 Rd4 23. c5 Nd7 24. Na4 Rd8 25. Rc1 g6 26. g4 g5 27. Rcc2 h5 28. h3 Nf8 29. gxh5 Kf7 30. Nb6 Kg7 31. Bf1 Kh6 32. Bc4 Bxh3 33. Rxd4 exd4+ 34. Kf2 Ne6 35. Kg3 Nf4 36. Rd2 Kxh5 37. Bf7+ Kh6 38. Nc4 Kg7 39. Bh5 Be6 40. Bg4 Bxc4 41. bxc4 d3 42. Kf2 Rd4 43. Ke3 Rxc4 44. Rb2 Rxc5 45. Rxb7+ Kf8 46. Rb8+ Ke7 47. Rb7+ Kd8 48. Rd7+ Ke8 49. Rd6 Rc2 50. e5 Re2+ 51. Kd4 Rxe5 52. Kc3 Rc5+ 53. Kd2 f5 0-1

[Event "Klatov Bazar Besiny Cup 2018"]
[Site "Klatovy"]
[Date "2018.07.07"]
[Round "8"]
[White "Toman, Ondrej"]
[Black "Simek, Petr"]
[Result "1-0"]
[ECO "B40"]
[WhiteElo "2197"]
[BlackElo "2354"]
[Annotator "NA"]
[PlyCount "111"]
[EventDate "2018.07.01"]
[EventType "swiss"]
[EventCountry "CZE"]
[SourceTitle "playchess.com"]
[Source "ChessBase"]
[SourceQuality "1"]
[TimeControl "40/7200:0"]

1. e4 c5 2. Nf3 e6 3. b3 b6 4. Bb2 Bb7 5. Nc3 a6 6. g3 Nf6 7. Qe2 Nc6 8. Bg2 d6 9. O-O Be7 10. Rad1 O-O 11. d4 cxd4 12. Nxd4 Qc7 13. Rd2 Rac8 14. h3 Rfe8 15. Kh2 b5 16. f4 Nxd4 17. Rxd4 e5 18. Rd2 exf4 19. gxf4 Bf8 20. Qd3 Qc5 21. Rg1 Qh5 22. Qg3 Qh6 23. Bf3 b4 24. Nd5 Bxd5 25. exd5 Re3 26. Rdg2 Nh5 27. Qg4 Qxf4+ 28. Qxf4 Nxf4 29. Rf2 Rce8 30. Rg4 Rxf3 31. Rxf3 Re2+ 32. Kg1 Nxd5 33. Bxg7 Bxg7 34. Rfg3 Nf6 35. Rxg7+ Kf8 36. Rg2 Re1+ 37. Kh2 Ra1 38. R7g5 Rxa2 39. Rf5 Nd7 40. Rgf2 Ne5 41. Rf6 a5 42. Kg2 a4 43. bxa4 Rxa4 44. Rxd6 Ra2 45. Rd4 Rb2 46. Rd8+ Kg7 47. Rb8 Nc4 48. Rb7 Rxc2 49. Rbxf7+ Kg6 50. Rxc2 Ne3+ 51. Kf3 Nxc2 52. Rb7 h5 53. Kf4 Nd4 54. Rb6+ Kf7 55. Rxb4 Ne6+ 56. Kf5 1-0

[Event "Klatov Bazar Besiny Cup 2018"]
[Site "Klatovy"]
[Date "2018.07.07"]
[Round "8"]
[White "Soural, Jan"]
[Black "Mejzlik, Ondrej"]
[Result "1/2-1/2"]
[ECO "D11"]
[WhiteElo "2192"]
[BlackElo "2287"]
[Annotator "NA"]
[PlyCount "34"]
[EventDate "2018.07.01"]
[EventType "swiss"]
[EventCountry "CZE"]
[SourceTitle "playchess.com"]
[Source "ChessBase"]
[SourceQuality "1"]
[TimeControl "40/7200:0"]

1. d4 d5 2. c4 c6 3. Nf3 Nf6 4. e3 e6 5. b3 Nbd7 6. Bd3 Bd6 7. Bb2 O-O 8. O-O Re8 9. Ne5 Qc7 10. f4 Ne4 11. Nd2 f5 12. Ndf3 Ndf6 13. c5 Bf8 14. b4 Bd7 15. a4 Reb8 16. Qc2 Be8 17. a5 h6 1/2-1/2

[Event "Klatov Bazar Besiny Cup 2018"]
[Site "Klatovy"]
[Date "2018.07.07"]
[Round "8"]
[White "Simet, Martin"]
[Black "Jurek, Josef"]
[Result "1/2-1/2"]
[ECO "A45"]
[WhiteElo "2182"]
[BlackElo "2277"]
[Annotator "NA"]
[PlyCount "56"]
[EventDate "2018.07.01"]
[EventType "swiss"]
[EventCountry "CZE"]
[SourceTitle "playchess.com"]
[Source "ChessBase"]
[SourceQuality "1"]
[TimeControl "40/7200:0"]

1. d4 Nf6 2. Bf4 g6 3. e3 Bg7 4. Nf3 d6 5. h3 O-O 6. c3 Nbd7 7. Be2 Qe8 8. Bh2 e5 9. O-O Qe7 10. a4 e4 11. Nfd2 Ne8 12. Qb3 Kh8 13. Qa3 f5 14. Rd1 g5 15. c4 Ndf6 16. c5 dxc5 17. dxc5 Nd5 18. Bc4 Nef6 19. c6 Qxa3 20. cxb7 Qxa1 21. bxa8=Q Qxa4 22. b3 Qa5 23. Bxd5 Qxd5 24. Qxa7 f4 25. Qxc7 Qd3 26. Re1 Nd5 27. Qc4 fxe3 28. fxe3 Qxc4 1/2-1/2

[Event "Klatov Bazar Besiny Cup 2018"]
[Site "Klatovy"]
[Date "2018.07.07"]
[Round "8"]
[White "Chmel, Kristian"]
[Black "Vyprachticky, David"]
[Result "0-1"]
[ECO "C45"]
[WhiteElo "2121"]
[BlackElo "2301"]
[Annotator "NA"]
[PlyCount "48"]
[EventDate "2018.07.01"]
[EventType "swiss"]
[EventCountry "CZE"]
[SourceTitle "playchess.com"]
[Source "ChessBase"]
[SourceQuality "1"]
[TimeControl "40/7200:0"]

1. e4 e5 2. Nf3 Nc6 3. d4 exd4 4. Nxd4 Nf6 5. Nxc6 bxc6 6. e5 Qe7 7. Qe2 Nd5 8. c4 Nb6 9. b3 g6 10. Bb2 Bg7 11. f4 a5 12. a4 Ba6 13. Nd2 O-O 14. O-O-O Rab8 15. h4 Qb4 16. Rh3 Nxa4 17. Ne4 Nxb2 18. Kxb2 d5 19. Nf6+ Bxf6 20. exf6 Bxc4 21. Qc2 a4 22. Bxc4 dxc4 23. Rd4 a3+ 24. Ka1 cxb3 0-1

[Event "Klatov Bazar Besiny Cup 2018"]
[Site "Klatovy"]
[Date "2018.07.08"]
[Round "9"]
[White "Pulpan, Jakub"]
[Black "Neuman, Petr"]
[Result "1/2-1/2"]
[ECO "B10"]
[WhiteElo "2386"]
[BlackElo "2432"]
[Annotator "ChessBase"]
[PlyCount "58"]
[EventDate "2018.07.01"]
[EventType "swiss"]
[EventCountry "CZE"]
[SourceTitle "playchess.com"]
[Source "ChessBase"]
[SourceQuality "1"]
[TimeControl "40/7200:0"]

1. e4 c6 2. Nf3 d5 3. Nc3 dxe4 4. Nxe4 Nf6 5. Nxf6+ exf6 6. d4 Bd6 7. Be2 O-O 8. O-O Nd7 9. c4 f5 10. b3 Nf6 11. Bb2 Re8 12. a3 Ne4 13. Re1 a6 14. b4 b5 15. d5 c5 16. cxb5 axb5 17. Bxb5 Bd7 18. Bc6 Rb8 19. bxc5 Bxc5 20. Bd4 Bxc6 21. dxc6 Qd5 22. c7 Rbc8 23. Qa4 Re7 24. Rac1 Rexc7 25. Bxc5 Rxc5 26. Rcd1 Qa8 27. Qxa8 Rxa8 28. Rd3 g6 29. g4 Nf6 1/2-1/2